 Dungeon Crawl Stone Soup version 0.29.1-14-g9c671dbff4 (webtiles) character file.

Game seed: 17945078507470790433

217 nightchill the Chopper (level 5, 0/48 HPs)
             Began as a Hill Orc Fighter on Feb 18, 2023.
             Slain by an orc wizard
             ... wielding a +0 dagger
              (1 damage)
             ... on level 3 of the Dungeon.
             The game lasted 00:04:05 (3228 turns).

nightchill the Chopper (Hill Orc Fighter)           Turns: 3228, Time: 00:04:05

Health: 0/48       AC:  6    Str: 21    XL:     5   Next: 94%
Magic:  14/14      EV:  9    Int:  8    God:
Gold:   130        SH:  4    Dex: 10    Spells: 4/4 levels left

rFire   . . .      SeeInvis .   a - +0 war axe
rCold   . . .      Faith    .   c - +0 buckler
rNeg    . . .      Spirit   .   b - +0 scale mail
rPois   +          Reflect  .   (no helmet)
rElec   .          Harm     .   (no cloak)
rCorr   .          Rampage  .   (no gloves)
Will    .....                   (no boots)
Stlth   ..........              (no amulet)
HPRegen 0.16/turn               f - ring of magical power
MPRegen 0.14/turn               j - ring of poison resistance

@: no status effects
A: no striking features
a: Convert to Beogh


You were on level 3 of the Dungeon.
You visited 1 branch of the dungeon, and saw 3 of its levels.

You collected 130 gold pieces.

Inventory:

Hand Weapons
 a - a +0 war axe (weapon)
Armour
 b - a +0 scale mail (worn)
 c - a +0 buckler (worn)
 g - an orb of mayhem
Magical Staves
 i - a staff of death
Jewellery
 f - a ring of magical power (left hand)
 j - a ring of poison resistance (right hand)
 r - an amulet of regeneration
Scrolls
 e - a scroll of teleportation {unknown}
 h - a scroll of immolation {unknown}
 k - a scroll of magic mapping {unknown}
 l - a scroll of noise {unknown}
 m - a scroll of vulnerability {unknown}
 s - a scroll of silence {unknown}
Potions
 d - a potion of might
 n - 2 potions of curing {unknown}
 o - a potion of attraction {unknown}
 p - a potion of degeneration {unknown}
 q - a potion of brilliance {unknown}


   Skills:
 + Level 5.3 Fighting
 * Level 6.6 Axes
 - Level 3.2 Armour
 - Level 3.2 Shields


You had 4 spell levels left.
You didn't know any spells.
Your spell library contained the following spells:

 Spells                   Type           Power      Damage    Failure   Level
 Magic Dart               Conj           0%         1d3       83%         1
 Searing Ray              Conj           0%         2d4       93%         2
 Fulminant Prism          Conj/Hex       0%         3d6       100%        4
 Iskenderun's Battlesphe  Conj           0%         2d6       100%        5
 Iron Shot                Conj/Erth      0%         9d1       100%        6
 Spellforged Servitor     Conj/Summ      0%         N/A       100%        7


Dungeon Overview and Level Annotations

Branches:
Dungeon (3/15)

Altars:


Message History

You hear some strange, mumbled words.
Something tries to affect you, but you resist.
You miss something.
The orc priest looks encouraged for a moment.
Something hits you.
You closely miss something.
You hear some strange, mumbled words.
You are confused.
You closely miss something.
You hear some strange, mumbled words.
A puff of flame appears from out of thin air!
The puff of flame hits you!
* * * LOW HITPOINT WARNING * * *
You bump into the rock wall.
You hear some strange, mumbled words.
A magic dart appears from out of thin air!
The magic dart hits you.
* * * LOW HITPOINT WARNING * * *
You bump into the rock wall.
The orc priest casts a cantrip, but nothing happens.
Something hits you but does no damage.
You closely miss something.
An orc wizard appears from thin air!
Reactivating autopickup.
The orc wizard gestures wildly while chanting.
The orc wizard flickers and vanishes!
Deactivating autopickup; reactivate with Ctrl-A.
Something hits you but does no damage.
The orc priest shouts, "Beogh is our master!
Accept the truth or die!"
You hit something.
You feel less confused.
You hear some strange, mumbled words.
Something tries to affect you, but you resist.
You miss something. Something hits you.
* * * LOW HITPOINT WARNING * * *
You closely miss something.
The orc priest calls down the wrath of Beogh upon you.
Beogh smites you!
* * * LOW HITPOINT WARNING * * *
Something hits you.
You die...

.#..# #.≈.# .....
#~≈.# #... ~≈#.#
##... ≈...# ... ...##
.o. .~≈≈# #r# .≈#.##
#{# .≈.#.## #@#
≈..##.# #.# ~..#.##
#.# ..#.## ####.#
#.#.# #....#
....#########....####
......(.............+
....#########....####
#.#.#### #.#.##


You could see an orc priest and a quokka.

Vanquished Creatures
  Jessica (D:2)
  Terence (D:2)
  2 orc wizards (D:3)
  5 adders
  3 gnolls
  A dart slug (D:1)
  6 orcs (D:3)
  2 ball pythons
  3 bats
  An endoplasm (D:1)
  2 hobgoblins (D:1)
  4 kobolds
  A quokka (D:1)
  2 frilled lizards (D:2)
  3 goblins
  6 rats
43 creatures vanquished.

Notes
Turn   | Place    | Note
-------+----------+-------------------------------------------
     0 | D:1      | nightchill the Hill Orc Fighter began the quest for the
                  | Orb.
     0 | D:1      | Reached XP level 1. HP: 19/19 MP: 1/1
    36 | D:1      | Reached skill level 3 in Axes
   150 | D:1      | Reached XP level 2. HP: 23/27 MP: 2/2
   932 | D:2      | Reached skill level 4 in Axes
   932 | D:2      | Reached XP level 3. HP: 9/33 MP: 3/3
  1476 | D:2      | Noticed Terence
  1494 | D:2      | Killed Terence
  1495 | D:2      | Reached XP level 4. HP: 14/41 MP: 4/4
  1883 | D:2      | Reached skill level 5 in Axes
  2272 | D:2      | Reached XP level 5. HP: 31/47 MP: 5/5
  2447 | D:2      | Noticed Jessica
  2460 | D:2      | Killed Jessica
  2461 | D:2      | Reached skill level 5 in Fighting
  2615 | D:3      | Reached skill level 6 in Axes
  3228 | D:3      | HP: 1/48 [orc priest/divine providence (14)]
  3228 | D:3      | Slain by an orc wizard

Illustrated notes

Levels and vault maps discovered:
D:1:      dpeg_arrival_tiny_a, layout_basic
D:2:      layout_loops_ring, uniq_terence, uniq_jessica
D:3:      layout_loops_corners, basic_ecumenical_altar,
          chequers_serial_rivers_small_b, minivault_24

Skill      XL: |  1  2  3  4  5 |
---------------+----------------+-----
Axes           | 3 4 5 6 |  6.6
Fighting       | 4 5 |  5.3
Armour         | |  3.2
Shields        | |  3.2

Action                   |  1- 3 |  4- 6 || total
-------------------------+-------+-------++-------
Melee: War axe           |    78 |   101 ||   179
Armor: Scale mail        |    32 |    38 ||    70
Dodge: Dodged            |    41 |    25 ||    66
Block: Buckler           |     7 |    18 ||    25
